 Seeded DCSS version 0.29.1-4-g47bece8355 (webtiles) character file.

Game seed: 1738030888014195264 (custom seed)

74 kingsuperguy the Covered (level 4, 0/37 HPs)
             Began as a Barachi Fighter on Dec 2, 2022.
             Slain by a gnoll
             ... wielding a +0 club
              (2 damage)
             ... on level 2 of the Dungeon.
             The game lasted 00:01:46 (1109 turns).

kingsuperguy the Covered (Barachi Fighter)          Turns: 1109, Time: 00:01:46

Health: 0/37       AC:  9    Str: 19    XL:     4   Next: 30%
Magic:  0/4        EV:  9    Int:  9    God:
Gold:   36         SH:  4    Dex: 11    Spells: 3/3 levels left

rFire   . . .      SeeInvis .   a - +0 long sword
rCold   . . .      Faith    .   c - +0 buckler
rNeg    . . .      Spirit   +   b - +0 scale mail
rPois   .          Reflect  .   (no helmet)
rElec   .          Harm     .   o - +0 cloak
rCorr   .          Rampage  .   (no gloves)
Will    .....                   r - +0 pair of boots
Stlth   ..........              p - amulet of guardian spirit
HPRegen 0.12/turn               (no ring)
MPRegen 0.09/turn               (no ring)

@: mighty, slow
A: amphibious, slowness 1, strong legs 1, +LOS
a: Hop


You were on level 2 of the Dungeon.
You visited 1 branch of the dungeon, and saw 2 of its levels.

You collected 36 gold pieces.

Inventory:

Hand Weapons
 a - a +0 long sword (weapon)
Armour
 b - a +0 scale mail (worn)
 c - a +0 buckler (worn)
 o - a +0 cloak (worn)
 r - a +0 pair of boots (worn)
Jewellery
 p - an amulet of guardian spirit (around neck)
Scrolls
 h - 5 scrolls of identify {unknown}
 k - a scroll of blinking {unknown}
 m - a scroll of fear {unknown}
 n - a scroll of vulnerability {unknown}
 q - a scroll of teleportation {unknown}
Potions
 d - a potion of might
 e - a potion of brilliance {unknown}
 f - a potion of curing {unknown}
 g - 2 potions of magic {unknown}
 i - 2 potions of heal wounds {unknown}
 j - a potion of degeneration {unknown}
 l - a potion of lignification {unknown}


   Skills:
 + Level 4.0 Fighting
 * Level 4.1 Long Blades
 + Level 4.2 Armour
 + Level 0.8 Dodging
 + Level 3.5 Shields


You had 3 spell levels left.
You didn't know any spells.
Your spell library was empty.

Dungeon Overview and Level Annotations

Branches:
Dungeon (2/15)

Altars:

Shops:
D:1 (


Innate Abilities, Weirdness & Mutations

You are amphibious.
You cover ground slowly.
You can hop short distances.
You have an extended range of vision and can be seen from far away.


Message History

The gnoll is severely wounded.
The gnoll barely misses you.
You barely miss the gnoll.
The gnoll is severely wounded.
The gnoll hits you with a +0 spear!
* * * LOW HITPOINT WARNING * * *
The gnoll hits you with a +0 spear.
* * * LOW HITPOINT WARNING * * *
You hit the gnoll but do no damage.
The gnoll is severely wounded.
You block the gnoll's attack.
You barely miss the gnoll.
The gnoll is severely wounded.
The gnoll closely misses you.
You slash the gnoll!
You kill the gnoll!
You have reached level 4!
You feel clever.
You hit the gnoll but do no damage. You block the gnoll's attack.
The gnoll hits you but does no damage.
You hit the gnoll.
The gnoll is lightly wounded.
The gnoll hits you but does no damage.
You slash the gnoll!
The gnoll is almost dead.
The gnoll hits you but does no damage.
You hit the gnoll.
You kill the gnoll!
Your Long Blades skill increases to level 4!
You hit the gnoll but do no damage. The gnoll hits you with a +0 club!
* * * LOW HITPOINT WARNING * * *
You barely miss the gnoll. You block the gnoll's attack.
You closely miss the gnoll. The gnoll hits you with a +0 club.
* * * LOW HITPOINT WARNING * * *
The gnoll barely misses you.
You feel very mighty all of a sudden. The gnoll hits you but does no damage.
You closely miss the gnoll. The gnoll closely misses you.
You closely miss the gnoll. The gnoll hits you with a +0 club.
You die...

#)##.# # #.##.# ###.##.# #
.##.##.# #.#
.....#.######## ...#
###..#......... ....# #
#............ .....# #
#.#..###########.....# #
#.#..## #.....@g.....+ #
#.#...# #.######.....#
###.#.#.###.# ....#
....#.#..##.# ...#
....#.##....# ..#
......#####.### ## ....###
#...############ ....#
#.#..##........#
....#######.##.##........#


You could see a gnoll.

Vanquished Creatures
  3 gnolls (D:2)
  A worm (D:2)
  3 dart slugs
  5 bats
  4 endoplasms
  2 giant cockroaches (D:1)
  A hobgoblin (D:1)
  4 kobolds
  5 ball pythons
  A frilled lizard (D:2)
  4 goblins
  4 rats
37 creatures vanquished.

Notes
Turn   | Place    | Note
-------+----------+-------------------------------------------
     0 | D:1      | kingsuperguy the Barachi Fighter began the quest for the
                  | Orb.
     0 | D:1      | Reached XP level 1. HP: 18/18 MP: 1/1
    50 | D:1      | Reached XP level 2. HP: 23/25 MP: 2/2
    73 | D:1      | Found a faded altar of an unknown god.
   270 | D:1      | Found Ismoeso's Weapon Emporium.
   411 | D:1      | Reached XP level 3. HP: 25/30 MP: 3/3
  1100 | D:2      | Reached XP level 4. HP: 10/37 MP: 1/4
  1109 | D:2      | Slain by a gnoll

Illustrated notes

Levels and vault maps discovered:
D:1:      evilmike_arrival_crescent, layout_rooms,
          hellmonk_ecumenical_altar_zigzags, serial_shops, nicolae_shop_trees,
          grunt_decor_resistance
D:2:      layout_basic, uniq_terence, uniq_crazy_yiuf_cottage

Skill      XL: |  1  2  3  4 |
---------------+-------------+-----
Armour         | 4 |  4.2
Fighting       | 4 |  4.0
Long Blades    | 3 4 |  4.1
Dodging        | |  0.8
Shields        | |  3.5

Action                   |  1- 3 |  4- 6 || total
-------------------------+-------+-------++-------
Melee: Long sword        |   102 |     9 ||   111
  Use: Potion            |       |     1 ||     1
Armor: Scale mail        |    45 |     4 ||    49
Dodge: Dodged            |    40 |     2 ||    42
Block: Buckler           |    23 |     2 ||    25
